 Dungeon Crawl Stone Soup version 0.19-a0-994-g3c636f0 (webtiles) character file.

217 4thArraOfDagon the Ruffian (level 5, -6/45 HPs)
             Began as a Troll Air Elementalist on July 17, 2016.
             Mangled by an ogre
             ... wielding a +0 giant club
              (31 damage)
             ... on level 3 of the Dungeon.
             The game lasted 00:04:07 (838 turns).

4thArraOfDagon the Ruffian (Troll Air Elementalist)  Turns: 838, Time: 00:04:09

Health: -6/45      AC:  5    Str: 16    XL:     5   Next: 62%
Magic:  5/5        EV: 10    Int: 12    God:
Gold:   71         SH:  0    Dex: 10    Spells: 1 memorised, 5 levels left

rFire  . . .     SeeInvis .       - Unarmed
rCold  . . .     Gourm    +     a - +0 robe
rNeg   . . .     Faith    .     (no shield)
rPois  .         Spirit   .     (helmet restricted)
rElec  .         Dismiss  .     (no cloak)
rCorr  .         Reflect  .     (gloves unavailable)
SustAt .         Harm     .     (boots unavailable)
MR     .....                    (no amulet)
Stlth  +.........               (no ring)
                                (no ring)

@: not resistant to hostile enchantments, very unstealthy
A: unfitting armour, claws 3, fast metabolism 3, gourmand, regeneration 2,
shaggy fur 1, tough skin 2
a: no special abilities


You were on level 3 of the Dungeon.
You were full.

You visited 1 branch of the dungeon, and saw 5 of its levels.

You collected 71 gold pieces.

Inventory:

Armour
 a - a +0 robe (worn)
Scrolls
 d - 2 scrolls of identify {unknown}
 f - a scroll of blinking {unknown}
Potions
 g - a potion of berserk rage {unknown}
 h - a potion of might {unknown}
Books
 b - a book of Air

   Spells                             Type                      Level
   a - Shock                          Conjuration/Air              1
   b - Swiftness                      Charms/Air                   2
   c - Repel Missiles                 Charms/Air                   2
   d - Static Discharge               Conjuration/Air              3
   e - Lightning Bolt                 Conjuration/Air              5
Comestibles
 c - 2 bread rations


   Skills:
 - Level 1.5 Dodging
 - Level 1.1 Stealth
 * Level 5.5 Unarmed Combat
 - Level 1.2 Spellcasting
 - Level 0.6 Conjurations
 - Level 2.0 Air Magic


You had 5 spell levels left.
You knew the following spells:

 Your Spells              Type           Power        Failure   Level  Hunger
a - Shock                 Conj/Air       #...         17%         1    ##.....


Dungeon Overview and Level Annotations

Branches:
Dungeon (5/15)
 Temple: D:4-7

Altars:

Shops:
D:4 }   D:5 =


Innate Abilities, Weirdness & Mutations

You are too large for most types of armour.
You have claws for hands.
Your metabolism is lightning-fast.
You like to eat raw meat.
You heal very quickly.
You are covered in fur. (AC +1)
You have very tough skin. (AC +2)


Message History

You completely miss the ogre.
The ogre is moderately wounded.
The ogre hits you with a giant club!
* * * LOW HITPOINT WARNING * * *
Unknown command.
Unknown command.
You see here a quokka skeleton.
You see here a quokka skeleton.
A hobgoblin comes into view. It is wielding a club.
The hobgoblin shouts!
A goblin comes into view.
A worm comes into view.
Found a slice of pizza.
Unknown command.
You see here 10 gold pieces.
You scratch the ogre but do no damage.
The ogre is moderately wounded.
The ogre hits you with a giant club!!
Ouch! That really hurt!
You die...

### ..# # ##.# #.# .. .
..# #.# .. . # ####### #.#
#.###g####. # .......
#.######...%......##
#######
##..@Og.w...........# #
######...#####.###.##.....
########.........####.#
#.##...##
.......<....รท...w.....#
#........
###.#######.##.########
##...#. # #.# ####.##.#
#####.w..# # #.# #......=#
#..(..>... # #.# #.#####.#
#.###...$# # #.# # #.# #.#
#!...#


You could see an ogre, a worm and a hobgoblin.

Vanquished Creatures
  A hippogriff (D:5)
  A giant frog skeleton (D:5)
  3 adders (D:5)
  A shadow imp (D:5)
  A giant gecko (D:3)
  3 orcs (D:4)
  A bat (D:2)
  A giant cockroach (D:1)
  3 goblins
  3 hobgoblins
  2 quokkas (D:3)
  A giant newt (D:1)
  2 kobolds (D:2)
  4 rats
27 creatures vanquished.

Notes
Turn   | Place    | Note
-------+----------+-------------------------------------------
     0 | D:1      | 4thArraOfDagon the Troll Air Elementalist began the quest for the Orb.
     0 | D:1      | Reached XP level 1. HP: 16/16 MP: 1/1
   118 | D:1      | Reached skill level 1 in Unarmed Combat
   173 | D:1      | You fall through a shaft!
   183 | D:2      | Reached XP level 2. HP: 24/24 MP: 2/2
   192 | D:2      | Reached skill level 2 in Unarmed Combat
   380 | D:4      | Found Oteneext's Gadget Shoppe.
   451 | D:5      | Entered Level 5 of the Dungeon
   451 | D:5      | Noticed a hippogriff
   483 | D:5      | Reached XP level 3. HP: 5/31 MP: 3/3
   577 | D:5      | Killed a hippogriff
   577 | D:5      | Reached skill level 4 in Unarmed Combat
   577 | D:5      | Reached XP level 4. HP: 3/39 MP: 4/4
   577 | D:5      | Reached XP level 5. HP: 3/45 MP: 5/5
   593 | D:5      | Reached skill level 5 in Unarmed Combat
   631 | D:5      | Found Buz Cou's Jewellery Shoppe.
   659 | D:4      | Noticed an ogre
   838 | D:3      | Mangled by an ogre

Vault maps used:
D:1:      minmay_arrival_arboretum_large
D:2:      overflow_temple_1_default, lemuel_doored_altar, first_bread,
          uniq_robin
D:3:      gammafunk_temple_overflow_wave, uniq_grinder
D:4:      dancing_weapons_uskayaw, serial_shops, nicolae_shop_waterfront
D:5:      serial_shops, nicolae_shop_temple_entry_statues_fountains,
          guppyfry_early_lair_pool

Skill      XL: |  1  2  3  4  5 |
---------------+----------------+-----
Unarmed Combat | 1 2 4 5 |  5.5
Dodging        | |  1.5
Stealth        | |  1.1
Spellcasting   | |  1.2
Conjurations   | |  0.6
Air Magic      | |  2.0

Action                   |  1- 3 |  4- 6 || total
-------------------------+-------+-------++-------
Melee: Unarmed           |    82 |    29 ||   111
  Use: Potion            |       |     1 ||     1
 Stab: Sleeping          |     1 |       ||     1
  Eat: Chunk             |     8 |       ||     8
       Beef jerky        |     1 |       ||     1
Armor: Robe              |    34 |     8 ||    42
Dodge: Dodged            |    35 |    13 ||    48
